 Dungeon Crawl Stone Soup version 0.27.1-1-g398f81649c (webtiles) character file.

Game seed: 9349620118417717715

35029 speeev33 the Cleaver (level 13, -2/124 HPs)
             Began as a Hill Orc Fighter on Sept 12, 2021.
             Was the Champion of Okawaru.
             Slain by an elephant (30 damage)
             ... on level 4 of the Lair of Beasts.
             The game lasted 00:29:29 (16870 turns).

speeev33 the Cleaver (Hill Orc Fighter)            Turns: 16870, Time: 00:29:29

Health: -2/124     AC: 26    Str: 30    XL:     13   Next: 81%
Magic:  13/13      EV:  8    Int:  8    God:    Okawaru [******]
Gold:   721        SH:  0    Dex: 10    Spells: 12/12 levels left

rFire    + . .     SeeInvis .   q - +6 flail (drain)
rCold    + . .     Faith    .   H - +4 kite shield of the Battered Prophets {Fly rElec rCorr}
rNeg     . . .     Spirit   .   o - +0 plate armour
rPois    +         Reflect  .   n - +2 hat
rElec    +         Harm     .   v - +2 cloak {rPois}
rCorr    +         Rampage  .   l - +2 pair of gloves
Will     +....                  c - +0 pair of boots "Iphavauc" {rF+ Str+6}
Stlth    ..........             (no amulet)
HPRegen  0.30/turn              E - ring of protection from cold
MPRegen  0.13/turn              F - ring of willpower

@: sleeping, flying
A: no striking features
a: Renounce Religion, Heroism, Finesse


You were on level 4 of the Lair of Beasts.
You worshipped Okawaru.
Okawaru was exalted by your worship.
You visited 3 branches of the dungeon, and saw 15 of its levels.

You collected 818 gold pieces.
You spent 97 gold pieces at shops.

Inventory:

Hand Weapons
 i - a +0 war axe of freezing
 q - a +6 flail of draining (weapon)
Missiles
 a - a throwing net (quivered)
Armour
 c - the +0 pair of boots "Iphavauc" (worn) {rF+ Str+6}
   (Okawaru gifted it to you on level 3 of the Lair of Beasts)

   Str:       It affects your strength (+6).
   rF:        It protects you from fire.
 l - a +2 pair of gloves (worn)
 n - a +2 hat (worn)
 o - a +0 plate armour (worn)
 v - a +2 cloak of poison resistance (worn)
 H - the +4 kite shield of the Battered Prophets (worn) {Fly rElec rCorr}
   (You found it on level 2 of the Lair of Beasts)

   rElec:     It insulates you from electricity.
   Fly:       It grants you flight.
   rCorr:     It protects you from acid and corrosion.
Jewellery
 E - a ring of protection from cold (left hand)
 F - a ring of willpower (right hand)
 J - a +4 ring of evasion
 K - a ring of positive energy
Wands
 f - a wand of mindburst (18)
 r - a wand of polymorph (4)
 u - a wand of acid (9)
 w - a wand of iceblast (10)
 B - a wand of flame (29)
 C - a wand of digging (5)
Scrolls
 e - a scroll of magic mapping
 g - 4 scrolls of fog
 k - 8 scrolls of teleportation
 y - 4 scrolls of enchant weapon
 z - 3 scrolls of blinking
 A - 2 scrolls of identify
 G - a scroll of holy word
 I - a scroll of amnesia
Potions
 b - 6 potions of flight
 d - 3 potions of might
 h - a potion of attraction
 j - 2 potions of ambrosia
 m - 3 potions of curing
 p - 3 potions of lignification
 s - 2 potions of haste
 t - a potion of berserk rage
 x - a potion of mutation
 D - a potion of brilliance {unknown}


   Skills:
 + Level 14.0 Fighting
 + Level 14.8 Axes
 + Level 12.9 Armour
 + Level 12.9 Shields


You had 12 spell levels left.
You didn't know any spells.
Your spell library contained the following spells:

 Spells                   Type           Power      Damage    Failure   Level
 Animate Skeleton         Necr           0%         N/A       98%         1
 Magic Dart               Conj           0%         1d3       98%         1
 Pain                     Necr           0%         1d4       98%         1
 Call Imp                 Summ           0%         N/A       99%         2
 Slow                     Hex            0%         N/A       99%         2
 Confusing Touch          Hex            0%         N/A       100%        3
 Gell's Gravitas          Tloc           0%         N/A       100%        3
 Lesser Beckoning         Tloc           0%         N/A       100%        3
 Mephitic Cloud           Conj/Pois/Air  0%         N/A       100%        3
 Teleport Other           Tloc           0%         N/A       100%        3
 Vampiric Draining        Necr           0%         2d6       100%        3
 Leda's Liquefaction      Hex/Erth       0%         N/A       100%        4
 Passage of Golubria      Tloc           N/A        N/A       100%        4
 Summon Ice Beast         Ice/Summ       0%         N/A       100%        4
 Bolt of Magma            Conj/Fire/Erth 0%         4d4       100%        5
 Silence                  Hex/Air        0%         N/A       100%        5
 Summon Mana Viper        Hex/Summ       0%         N/A       100%        5
 Statue Form              Tmut/Erth      0%         N/A       100%        6
 Monstrous Menagerie      Summ           0%         N/A       100%        7
 Lehudib's Crystal Spear  Conj/Erth      0%         10d2      100%        8


Dungeon Overview and Level Annotations

Branches:
Dungeon (10/15)            Temple (1/1) D:5            Lair (4/6) D:8
  Swamp (0/4) Lair:2       Spider (0/4) Lair:2          Orc (0/2) D:10

Altars:
Ashenzari
Cheibriados
Dithmenos
Elyvilon
Fedhas
Gozag
Hepliaklqana
Kikubaaqudgha
Makhleb
Nemelex Xobeh
Okawaru
Qazlal
Ru
Sif Muna
Trog
Uskayaw
Vehumet
Wu Jian
Xom
Yredelemnul
Zin
The Shining One
Lugonu

Shops:
D:6 =   D:9 ?!


Message History

Your Fighting skill increases to level 14!
You feel sick. The dream sheep bites you.
You wake up.
You bludgeon the dream sheep!!
You kill the dream sheep!
Okawaru accepts your kill.
You feel sick. You block the killer bee's attack.
You sock the killer bee!
The killer bee is heavily wounded.
You feel sick. The killer bee completely misses you.
You block the killer bee's attack.
You hit the killer bee. You drain the killer bee.
The killer bee is severely wounded.
You feel sick. The killer bee stings you.
* * * LOW HITPOINT WARNING * * *
The killer bee barely misses you.
You closely miss the killer bee.
The killer bee is severely wounded.
You feel sick.
You are no longer poisoned.
You block the killer bee's attack. x2
You miss the killer bee.
The killer bee is severely wounded.
You block the killer bee's attack.
The killer bee stings you but does no damage.
You miss the killer bee.
The killer bee is severely wounded.
You block the killer bee's attack.
You hit the elephant but do no damage. You sock the elephant!
The elephant is lightly wounded.
The elephant tramples you!
* * * LOW HITPOINT WARNING * * *
You are shoved backwards!
You bludgeon the elephant!!
The elephant is heavily wounded.
You block the elephant's attack. x2
The dream sheep shake their wool and sparkle.
You feel drowsy...
You fall asleep.
The elephant tramples you!!
You die...

.....#...##...##)....##...##...
...≈..#.####.#)###.###(#.## #.#
..########.##÷#(.÷...(#..# #
..######.......#.###.#.#.....#
......##.....##.......##.....#
....≈.##..#...###..####...#..#
........#....###.....###....#..
.....#...######....#..######. .
##.......####...@.......# .
###...≈...#####.Y#..#### .#. ##
###...#.##...##Y##...# .#... .##
#......##.#.YyYYY.#.# ....##y
..###......##.....YY....##...#...
...#..........................!..
..##............†<..........)....
......)..........................
...<..).....(...................Y


You could see 4 elephants and 2 dream sheep.

Vanquished Creatures
  5 hydras
  2 death yaks (Lair:4)
  4 two-headed ogres
  Pikel (D:6)
  2 manticores
  8 elephants
  15 cane toads
  5 komodo dragons
  A rime drake (Lair:4)
  3 polar bears (Lair:3)
  A troll (D:5)
  3 meliai
  A queen bee (Lair:4)
  6 blink frogs
  A hornet (D:10)
  3 dream sheep (Lair:4)
  A wraith (D:10)
  29 yaks
  4 wyverns
  6 basilisks
  Edmund (D:5)
  13 water moccasins
  A swamp drake (Lair:2)
  2 necrophages
  6 orc warriors
  An ice beast (D:5)
  A sky beast (D:5)
  A black bear (Lair:1)
  3 centaurs
  13 wolves
  An ogre (D:5)
  A phantom (D:5)
  3 kobold brigands
  A gnoll sergeant (D:4)
  10 bullfrogs
  3 scorpions
  A water moccasin skeleton (D:7)
  5 wights
  32 killer bees
  3 howler monkeys
  11 centaur zombies
  2 hounds
  2 jellies
  10 orc priests
  Crazy Yiuf (D:7)
  A bullfrog skeleton (D:4)
  3 iguanas
  An iron imp (D:7)
  A centaur skeleton (D:6)
  11 orc wizards
  2 hell rats (Lair:4)
  A killer bee zombie (D:7)
  A hound zombie (D:5)
  2 howler monkey zombies (D:10)
  7 adders
  11 gnolls
  A howler monkey skeleton (D:5)
  A shadow imp (D:5)
  2 white imps
  An ufetubus (D:3)
  An adder skeleton (D:4)
  A worm (D:3)
  5 dart slugs
  27 orcs
  5 bats
  6 endoplasms
  3 giant cockroaches
  4 goblins
  9 hobgoblins
  8 kobolds
  3 quokkas
  10 ball pythons
  4 frilled lizards
  4 rats
365 creatures vanquished.

Vanquished Creatures (others)
  22 fungi
  25 plants
  3 withered plants (D:9)
50 creatures vanquished.

Grand Total: 415 creatures vanquished

Notes
Turn   | Place    | Note
-------+----------+-------------------------------------------
     0 | D:1      | speeev33 the Hill Orc Fighter began the quest for the Orb.
     0 | D:1      | Reached XP level 1. HP: 19/19 MP: 1/1
   183 | D:1      | Reached XP level 2. HP: 27/27 MP: 2/2
   414 | D:1      | Found a faded altar of an unknown god.
   795 | D:1      | Reached XP level 3. HP: 32/33 MP: 3/3
  1650 | D:1      | Reached XP level 4. HP: 41/41 MP: 4/4
  2010 | D:2      | Reached XP level 5. HP: 47/47 MP: 5/5
  2592 | D:3      | Reached skill level 5 in Fighting
  2592 | D:3      | Reached XP level 6. HP: 56/56 MP: 6/6
  2612 | D:3      | Found a broken altar of Ashenzari.
  3177 | D:4      | Reached skill level 5 in Axes
  3208 | D:4      | Reached skill level 5 in Armour
  3208 | D:4      | Reached skill level 5 in Shields
  3292 | D:4      | You fall into a shaft and drop 1 floor!
  3292 | D:5      | Entered Level 5 of the Dungeon
  3296 | D:5      | Noticed an ice beast
  3303 | D:5      | Killed an ice beast
  3304 | D:5      | Reached XP level 7. HP: 62/62 MP: 7/7
  3361 | D:5      | Reached XP level 8. HP: 59/71 MP: 8/8
  3684 | D:5      | Noticed Edmund
  3693 | D:5      | Killed Edmund
  4052 | D:4      | Found a glowing silver altar of Zin.
  4697 | D:5      | Found a staircase to the Ecumenical Temple.
  4704 | Temple   | Entered the Ecumenical Temple
  4854 | D:5      | Found a sacrificial altar of Ru.
  5230 | D:5      | Found a shadowy altar of Dithmenos.
  5250 | D:5      | Found a stormy altar of Qazlal.
  5252 | D:5      | Found a burning altar of Makhleb.
  5320 | D:5      | Reached XP level 9. HP: 60/80 MP: 9/9
  5572 | D:6      | Noticed a troll
  5583 | D:5      | Killed a troll
  5673 | D:6      | Found an ancient bone altar of Kikubaaqudgha.
  5698 | D:6      | Found Lepseciorph's Jewellery Emporium.
  5716 | D:6      | Noticed Pikel
  5726 | D:6      | Killed Pikel
  5857 | D:6      | Noticed a two-headed ogre
  5861 | D:6      | Killed a two-headed ogre
  6051 | D:6      | Reached XP level 10. HP: 85/91 MP: 10/10
  6414 | D:7      | Found a snail-covered altar of Cheibriados.
  6456 | D:7      | Found a blossoming altar of Fedhas.
  6499 | D:7      | Found a runed translucent door.
  6500 | D:7      | Noticed Crazy Yiuf
  6775 | D:7      | Killed Crazy Yiuf
  7039 | D:7      | Reached skill level 10 in Axes
  7089 | D:7      | Reached skill level 10 in Fighting
  7312 | D:8      | Found an iron altar of Okawaru.
  7349 | D:8      | Became a worshipper of Warmaster Okawaru
  7466 | D:8      | Reached XP level 11. HP: 80/101 MP: 11/11
  7468 | D:8      | Reached * piety under Okawaru
  7861 | D:8      | Found a staircase to the Lair.
  8143 | D:9      | Found Neahei's Distillery.
  8336 | D:9      | Found a basalt altar of Yredelemnul.
  8340 | D:9      | Found Bopalaij's Magic Scroll Shop.
  8364 | D:9      | Bought a scroll of blinking for 97 gold pieces
  8404 | D:9      | Reached skill level 10 in Armour
  8418 | D:9      | Reached skill level 10 in Shields
  8513 | D:9      | Noticed a two-headed ogre
  8521 | D:9      | Reached ** piety under Okawaru
  8532 | D:9      | Killed a two-headed ogre
  8787 | D:9      | Found a radiant altar of Vehumet.
  9318 | D:10     | Entered Level 10 of the Dungeon
  9701 | D:10     | Found a staircase to the Orcish Mines.
  9782 | D:10     | Found an ornate altar of the Wu Jian Council.
  9783 | D:10     | Identified the +1 ring mail of Optimism {Int+3}
  9886 | D:10     | Noticed a two-headed ogre
  9897 | D:10     | Killed a two-headed ogre
  9897 | D:10     | Reached *** piety under Okawaru
 10423 | D:10     | Noticed a six-headed hydra
 10431 | D:10     | Killed a six-headed hydra
 10697 | D:10     | Noticed a two-headed ogre
 10702 | D:10     | Killed a two-headed ogre
 10702 | D:10     | Reached **** piety under Okawaru
 10800 | D:10     | Noticed a centaur warrior
 10800 | D:10     | Noticed a rakshasa
 10801 | D:10     | Noticed a cyclops
 10801 | D:10     | Noticed a cyclops
 10801 | D:10     | Noticed a death knight
 10801 | D:10     | Noticed a cyclops
 10801 | D:10     | Found the +13 scythe of Curses {drain, Drain}
 10898 | Lair:1   | Entered Level 1 of the Lair of Beasts
 10937 | Lair:1   | Noticed a four-headed hydra
 10954 | Lair:1   | Killed a four-headed hydra
 10955 | Lair:1   | Reached XP level 12. HP: 68/112 MP: 12/12
 11348 | Lair:1   | Noticed an eight-headed hydra
 11360 | Lair:1   | Killed an eight-headed hydra
 11637 | Lair:1   | Reached ***** piety under Okawaru
 11772 | Lair:1   | Noticed a five-headed hydra
 11783 | Lair:1   | Killed a five-headed hydra
 12360 | Lair:2   | Found a hole to the Spider Nest.
 12777 | Lair:2   | Identified the +4 kite shield of the Battered Prophets {Fly
                  | rElec rCorr}
 13199 | Lair:2   | Found a staircase to the Swamp.
 13584 | Lair:3   | Identified the +0 pair of boots "Iphavauc" {rF+ Str+6}
                  | (Okawaru gifted it to you on level 3 of the Lair of Beasts)
 13584 | Lair:3   | Received a gift from Okawaru
 14062 | Lair:3   | Reached XP level 13. HP: 111/122 MP: 13/13
 15540 | Lair:4   | Reached ****** piety under Okawaru
 16870 | Lair:4   | Slain by an elephant

Illustrated notes

Levels and vault maps discovered:
D:1:      dpeg_arrival_arbitrary_a, layout_basic,
          hellmonk_ecumenical_altar_lost_god
D:2:      layout_rooms
D:3:      layout_rooms, mainiacjoe_overflow_cross_hatched
D:4:      layout_basic, lemuel_tele_altar, minmay_close_crescents
D:5:      layout_basic, nicolae_overflow_hidden_temple, temple_green,
          st_stairs_8, uniq_edmund
D:6:      layout_rooms, overflow_temple_1_default, serial_shops,
          nicolae_shop_window_shopping, uniq_pikel
D:7:      layout_basic, fedhas_altar_1, chei_slow_surprise,
          minmay_misc_feat_enclosed, uniq_crazy_yiuf_cottage
D:8:      layout_gridville, mainiacjoe_overflow_concentric_impassable,
          minmay_lair_entry_grove, hangedman_minor_gate_pass
D:9:      layout_loops_ring, vehumet_altar_wand_db, yredelemnul_altar_generic,
          serial_shops, shop, kennysheep_mini_moat, minmay_door_square,
          minmay_starry_boxes
D:10:     minmay_chambers_of_sevens, layout_basic,
          mainiacjoe_overflow_boulevard, david_orc_3
Temple:   kb_corrupted_temple
Lair:1:   layout_regular_city, columned_hall_lemuel, grunt_megastairs_3,
          lemuel_fruit_fields, lemuel_fruit_tree
Lair:2:   layout_roguey, minmay_swamp_entry_reptiles, dummy_spider_entry
Lair:3:   layout_loops_ring
Lair:4:   regret_index_tunnel_blossom, layout_hall_layers, special_room
          [special_room_bee], beast_lair_carwin_4

Skill      XL: |  1  2  3  4  5  6  7  8  9 10 11 12 13 |
---------------+----------------------------------------+-----
Axes           | 3 4 5 6 7 9 10 12 13 14 | 14.8
Fighting       | 4 5 6 7 9 10 11 13 14 | 14.0
Armour         | 4 5 7 8 9 10 12 | 12.9
Shields        | 4 5 6 8 9 10 12 | 12.9

Action                   |  1- 3 |  4- 6 |  7- 9 | 10-12 | 13-15 || total
-------------------------+-------+-------+-------+-------+-------++-------
Melee: War axe           |    99 |   155 |    85 |       |       ||   339
       Flail             |       |       |   112 |   692 |   345 ||  1149
Invok: Heroism           |       |       |       |     1 |     2 ||     3
Evoke: Wand              |       |       |     7 |       |       ||     7
  Use: Scroll            |     5 |     4 |     5 |     5 |     2 ||    21
       Potion            |       |       |       |     1 |     2 ||     3
Armor: Scale mail        |    37 |       |       |       |       ||    37
       Chain mail        |    36 |   124 |   102 |       |       ||   262
       Plate armour      |       |       |    41 |   543 |   296 ||   880
Dodge: Dodged            |    29 |    41 |    46 |   171 |   142 ||   429
Block: Kite shield       |    61 |   100 |   110 |   610 |   535 ||  1416
